 Dungeon Crawl Stone Soup version 0.19-a0-812-g33f3bc8 (webtiles) character file.

16 Ryco the Sneak (level 2, -3/13 HPs)
             Began as a Spriggan Enchanter on June 28, 2016.
             Slain by a quokka (5 damage)
             ... on level 2 of the Dungeon.
             The game lasted 00:04:08 (525 turns).

Ryco the Sneak (Spriggan Enchanter)                  Turns: 525, Time: 00:04:08

Health: -3/13      AC:  3    Str:  4    XL:     2   Next: 41%
Magic:  5/6        EV: 19    Int: 16    God:
Gold:   42         SH:  0    Dex: 16    Spells: 2 memorised, 3 levels left

rFire  . . .     SeeInvis +     a - +1 dagger
rCold  . . .     Gourm    .     f - +1 robe
rNeg   . . .     Faith    .     (shield restricted)
rPois  .         Spirit   .     (helmet restricted)
rElec  .         Dismiss  .     (no cloak)
rCorr  .         Reflect  .     (gloves unavailable)
SustAt .         Harm     .     (boots unavailable)
MR     .....                    (no amulet)
Stlth  ++++......               (no ring)
                                l - ring of stealth

@: very quick, not resistant to hostile enchantments, stealthy
A: unfitting armour, see invisible, herbivore 3, speed 3, slow metabolism 2
a: no special abilities


You were on level 2 of the Dungeon.
You were not hungry.

You visited 1 branch of the dungeon, and saw 3 of its levels.

You collected 42 gold pieces.

Inventory:

Hand Weapons
 a - a +1 dagger (weapon)
 b - a +0 short sword
Armour
 f - a +1 robe (worn)
Jewellery
 l - a ring of stealth (left hand)
Scrolls
 h - 2 scrolls of recharging {unknown}
 i - 2 scrolls of identify {unknown}
 m - a scroll of teleportation {unknown}
Potions
 e - a potion of invisibility {unknown}
 g - a potion of haste {unknown}
 k - a potion of lignification {unknown}
Books
 c - a book of Maledictions

   Spells                             Type                      Level
   a - Corona                         Hexes                        1
   b - Ensorcelled Hibernation        Hexes/Ice                    2
   c - Confuse                        Hexes                        3
   d - Tukima's Dance                 Hexes                        3
   e - Dazzling Spray                 Conjuration/Hexes            3
Comestibles
 d - 3 bread rations
 j - a slice of pizza


   Skills:
 + Level 1.2 Short Blades
 + Level 3.4 Dodging
 + Level 4.6 Stealth
 + Level 2.8 Spellcasting
 + Level 4.1 Hexes


You had 3 spell levels left.
You knew the following spells:

 Your Spells              Type           Power        Failure   Level  Hunger
a - Ensorcelled Hibernat  Hex/Ice        #.....       14%         2    ##.....
b - Corona                Hex            ###....      4%          1    #......


Dungeon Overview and Level Annotations

Branches:
Dungeon (3/15)

Altars:
Pakellas


Innate Abilities, Weirdness & Mutations

You are tiny and cannot use many weapons and most armour.
You have supernaturally acute eyesight. (SInv)
You are a herbivore.
You cover ground extremely quickly.
You need consume almost no food.


Message History

As you open the door, it creaks loudly!
A quokka and a giant cockroach come into view.
There is an open door here.
You barely miss the quokka. The quokka completely misses you.
You hit the quokka but do no damage. The quokka misses you.
You completely miss the quokka. The quokka misses you.
You barely miss the quokka. The quokka misses you.
The giant cockroach completely misses you.
The quokka misses you. The giant cockroach barely misses you.
You completely miss the quokka. The quokka barely misses you.
The giant cockroach bites you.
You hit the quokka.
The quokka is moderately wounded.
The quokka bites you.
* * * LOW HITPOINT WARNING * * *
The giant cockroach completely misses you.
You hit the quokka.
The quokka is heavily wounded.
The quokka bites you.
You die...

#.# ###.# #...#
#.### #######.#
#.......# #
#.#######
#.###.###.#####
#......##@r...#
#......'s.###.#
##.....####
#.....+ #.....#
## #....s# .#
#.....# .#
#.....# .#
#.....#


You could see a quokka and a giant cockroach.

Vanquished Creatures
  An ooze (D:2)
  A dart slug (D:2)
  A bat (D:2)
  A goblin (D:2)
  3 kobolds
  3 rats (D:2)
10 creatures vanquished.

Notes
Turn   | Place    | Note
--------------------------------------------------------------
     0 | D:1      | Ryco the Spriggan Enchanter began the quest for the Orb.
     0 | D:1      | Reached XP level 1. HP: 9/9 MP: 5/5
   243 | D:3      | Noticed a hound
   293 | D:2      | Reached XP level 2. HP: 2/13 MP: 3/6
   304 | D:2      | Learned a level 2 spell: Ensorcelled Hibernation
   451 | D:2      | Found an oddly glowing altar of Pakellas.
   525 | D:2      | Slain by a quokka

Vault maps used:
D:1:      matt_arrival_diagonals
D:2:      first_bread, ecumenical_altar_1, grunt_pakellas_basics
D:3:      uniq_robin

Skill      XL: |  1  2 |
---------------+-------+-----
Hexes          | 4 |  4.1
Short Blades   | |  1.2
Dodging        | |  3.4
Stealth        | |  4.6
Spellcasting   | |  2.8

Action                   || total
-------------------------++-------
Melee: Dagger            ||    47
 Cast: Corona            ||     8
       Ensorcelled Hiber ||     2
 Stab: Sleeping          ||     2
Armor: Robe              ||     6
Dodge: Dodged            ||    48
